 Dungeon Crawl Stone Soup version 0.29.1-4-g47bece8355 (webtiles) character file.

Game seed: 2891223422302289829

2 iamoutofideas the Chopper (level 1, -2/30 HPs)
             Began as a Hill Orc Berserker on Dec 6, 2022.
             Was a Follower of Trog.
             Slain by a gnoll
             ... wielding a +0 club
              (6 damage)
             ... on level 1 of the Dungeon.
             The game lasted 00:00:21 (473 turns).

iamoutofideas the Chopper (Hill Orc Berserker)       Turns: 473, Time: 00:00:21

Health: -2/30      AC:  3    Str: 19    XL:     1   Next: 30%
Magic:  1/1        EV: 11    Int:  7    God:    Trog [*.....]
Gold:   27         SH:  0    Dex: 10    Spells: 0/0 levels left

rFire   . . .      SeeInvis .   a - +0 hand axe
rCold   . . .      Faith    .   (no shield)
rNeg    . . .      Spirit   .   b - +0 animal skin
rPois   .          Reflect  .   f - +0 helmet
rElec   .          Harm     .   (no cloak)
rCorr   .          Rampage  .   (no gloves)
Will    .....                   (no boots)
Stlth   ..........              (no amulet)
HPRegen 0.10/turn               (no ring)
MPRegen 0.07/turn               (no ring)

@: berserking, very quick
A: no striking features
a: Renounce Religion, Berserk


You were on level 1 of the Dungeon.
You worshipped Trog.
Trog was aware of your devotion.
You visited 1 branch of the dungeon, and saw 1 of its levels.

You collected 27 gold pieces.

Inventory:

Hand Weapons
 a - a +0 hand axe (weapon)
Armour
 b - a +0 animal skin (worn)
 f - a +0 helmet (worn)
Scrolls
 d - a scroll of teleportation {unknown}
 e - 2 scrolls of poison {unknown}
 g - a scroll of torment {unknown}
 i - a scroll of silence {unknown}
Potions
 c - a potion of lignification {unknown}
 h - a potion of might {unknown}


   Skills:
 + Level 3.6 Fighting
 + Level 4.1 Axes
 + Level 2.2 Armour
 + Level 1.5 Dodging


You couldn't memorise any spells.
You didn't know any spells.
Your spell library was empty.

Dungeon Overview and Level Annotations

Branches:
Dungeon (1/15)

Altars:


Message History

You now have 18 gold pieces (gained 14).
Found 9 stones.
Found two stone staircases leading down.
No target in view!
You now have 27 gold pieces (gained 9).
There is a stone staircase leading down here.
There is a stone staircase leading down here.
You see here 9 stones.
You see here a +0 hand axe.
You see here a +0 dagger.
You see here a +0 dagger.
A gnoll comes into view. It is wielding a +0 club.
The gnoll shouts!
A kobold comes into view. It is wielding a +0 short sword.
You hit the gnoll but do no damage. The gnoll misses you.
You hit the gnoll. You punch the gnoll.
The gnoll is severely wounded.
The gnoll hits you with a +0 club!
You barely miss the gnoll.
The gnoll is severely wounded.
The gnoll hits you with a +0 club.
* * * LOW HITPOINT WARNING * * *
You are too injured to fight recklessly!
A red film seems to cover your vision as you go berserk!
You feel yourself moving faster!
You feel mighty! The gnoll hits you with a +0 club.
* * * LOW HITPOINT WARNING * * *
You are too injured to fight recklessly!
You are too injured to fight recklessly!
You are too injured to fight recklessly!
You are too injured to fight recklessly!
You barely miss the gnoll.
The gnoll is severely wounded.
The gnoll closely misses you.
You closely miss the gnoll.
The gnoll is severely wounded.
You barely miss the gnoll.
The gnoll is severely wounded.
The gnoll hits you with a +0 club.
You die...

#.# #..# ######.. #.#
##..##### #..
#.####.......#######"#
#.....................
##.##.#...............
#.##.#.#######.####..
#.##.#.# #.# #..
#.##.#.# ###.####..
#.##@#.# #.........
#.##g#.# #.#.......
#.##K#.# #.#.#.....
#....#.#####.#.#.#...
..#...............
#..#####...#.#.#...
#..# #.....(..... #..#
#...#.#.###.
#.#.........


You could see a gnoll and a kobold.

Vanquished Creatures
  A hobgoblin (D:1)
  A ball python (D:1)
2 creatures vanquished.

Notes
Turn   | Place    | Note
-------+----------+-------------------------------------------
     0 | D:1      | iamoutofideas the Hill Orc Berserker began the quest for
                  | the Orb.
     0 | D:1      | Reached XP level 1. HP: 19/19 MP: 1/1
   473 | D:1      | Slain by a gnoll

Illustrated notes

Levels and vault maps discovered:
D:1:      wander_arrival_estate, layout_loops_ring

Action                   || total
-------------------------++-------
Melee: Hand axe          ||    10
       Punch             ||     1
Invok: Berserk           ||     1
Armor: Animal skin       ||     1
Dodge: Dodged            ||     3
